 Dungeon Crawl Stone Soup version 0.31.0-7-gf635a9b802 (webtiles) character file.

Game seed: 1075627616283319800

88 SnakkuSnakku7 the Cudgeller (level 4, -3/35 HPs)
             Began as a Djinni Monk on Jan 24, 2024.
             Slain by Grinder (8 damage)
             ... while paralysed by Grinder
             ... on level 3 of the Dungeon.
             The game lasted 00:03:01 (1445 turns).

SnakkuSnakku7 the Cudgeller (Djinni Monk)           Turns: 1445, Time: 00:03:01

Health: -3/35      AC:  8    Str: 12    XL:     4   Next: 82%
Gold:   79         EV:  2    Int: 11    God:
                   SH:  0    Dex: 19

rFire   + + .        q - +0 flail
rCold   x . .        d - orb {light}
rNeg    + . .        p - +0 ring mail
rPois   ∞            (no helmet)
rElec   .            j - +0 cloak
rCorr   .            e - +1 pair of gloves {Dex+3}
SInv    .            (boots unavailable)
Will    .....        (no amulet)
Stlth   +            g - ring of positive energy
HPRegen 0.25/turn    (no ring)
MPRegen 0.00/turn

%: infuse magic (-4 HP)
@: paralysed, flying, glowing
A: sickness immunity, fire resistance 2, cold vulnerability 1, float, innate
caster, HP casting, extra vitality 1
a: no special abilities


You were on level 3 of the Dungeon.
You visited 1 branch of the dungeon, and saw 3 of its levels.

You collected 79 gold pieces.

Inventory:

Hand Weapons
 a - a +0 mace
 q - a +0 flail (weapon)
Armour
 b - a +0 robe
 d - an orb of light (worn)
 e - a +1 pair of gloves of dexterity (worn)
 j - a +0 cloak (worn)
 p - a +0 ring mail (worn)
Jewellery
 g - a ring of positive energy (left hand)
Scrolls
 f - a scroll of amnesia {unknown}
 h - 2 scrolls of identify {unknown}
 k - 2 scrolls of poison {unknown}
 m - 2 scrolls of silence {unknown}
 n - a scroll of fog {unknown}
 o - a scroll of fear {unknown}
Potions
 c - a potion of ambrosia
 i - a potion of cancellation {unknown}
 l - 3 potions of curing {unknown}
 r - 2 potions of might {unknown}


   Skills:
 - Level 3.0 Fighting
 + Level 4.3 Maces & Flails
 - Level 3.2 Dodging


You knew the following spells:

 Your Spells              Type           Power      Damage    Failure   Level
a - Foxfire               Conj/Fire      0%         2x1d4     63%         1
Your spell library was empty.

Dungeon Overview and Level Annotations

Branches:
Dungeon (3/15)

Altars:
Nemelex Xobeh

Annotations:
D:3 Grinder


Innate Abilities, Weirdness & Mutations

You are immune to sickness and miasma.
You are immune to poison.
Your flesh is very heat resistant. (rF++)
You are vulnerable to cold. (rC-)
You float through the air rather than walking.
You learn spells naturally, not from books.
Your magical power is your life essence.
You have superior vitality. (+4 MHP)


Message History

Grinder is moderately wounded.
Grinder closely misses you.
You barely miss Grinder.
Grinder is moderately wounded.
Grinder barely misses you.
You barely miss Grinder.
Grinder is moderately wounded.
Grinder hits you.
You writhe in agony.
You completely miss Grinder.
Grinder is moderately wounded.
Grinder closely misses you.
You barely miss Grinder.
Grinder is moderately wounded.
Grinder closely misses you. Grinder hits you.
You writhe in agony.
You barely miss Grinder.
Grinder is moderately wounded.
Grinder hits you.
You hit Grinder but do no damage.
Grinder is moderately wounded.
Grinder blinks!
Grinder says, "There's only one good use for a tongue: cutting it out."
You sock Grinder!
Grinder is heavily wounded.
Grinder hits you!
You writhe in agony.
* * * LOW HITPOINT WARNING * * *
You hit Grinder but do no damage.
Grinder is moderately wounded.
Grinder hits you.
* * * LOW HITPOINT WARNING * * *
You writhe in agony.
* * * LOW HITPOINT WARNING * * *
You hit Grinder.
Grinder is heavily wounded.
Grinder closely misses you. Grinder gestures at you.
You suddenly lose the ability to move!
Grinder barely misses you. Grinder hits you!
You die...
Grinder says, "Now the real fun starts!"

#############
.......<....#####
......5@....'...#
............###.#
............# #.#
............# #.#
..#####+#######.#
. ..........#.#
..........#.#
..........#.#####
.......>..#.....#


You could see Grinder.

Vanquished Creatures
  A gnoll (D:1)
  2 adders
  2 dart slugs
  An orc (D:3)
  8 ball pythons
  5 bats
  8 endoplasms
  2 giant cockroaches
  6 goblins
  2 hobgoblins
  2 kobolds
  3 quokkas
  3 frilled lizards
  9 rats
54 creatures vanquished.

Notes
Turn   | Place    | Note
-------+----------+-------------------------------------------
     0 | D:1      | SnakkuSnakku7 the Djinni Monk began the quest for the Orb.
     0 | D:1      | Reached XP level 1. HP: 20/20 MP: 0/0
    67 | D:1      | Reached XP level 2. HP: 25/25 MP: 0/0
    96 | D:1      | Reached skill level 3 in Maces & Flails
   266 | D:1      | Reached XP level 3. HP: 30/30 MP: 0/0
   266 | D:1      | Learned a level 1 spell: Foxfire
   871 | D:2      | Reached XP level 4. HP: 31/35 MP: 0/0
   914 | D:2      | Found a sparkling altar of Nemelex Xobeh.
  1138 | D:2      | Reached skill level 4 in Maces & Flails
  1425 | D:3      | Noticed Grinder
  1443 | D:3      | Paralysed by Grinder for 5 turns
  1445 | D:3      | Slain by Grinder

Illustrated notes

Levels and vault maps discovered:
D:1:      minmay_arrival_stair_chambers, layout_basic, serial_rivers,
          chequers_serial_rivers_micro_d, chequers_serial_rivers_large_b,
          chequers_serial_rivers_micro_a, chequers_serial_rivers_small_b,
          chequers_serial_rivers_small_a
D:2:      layout_rooms, basic_altar
D:3:      kennysheep_big_flooded_room, layout_basic, uniq_grinder

Skill      XL: |  1  2  3  4 |
---------------+-------------+-----
Maces & Flails | 3 4 |  4.3
Fighting       | |  3.0
Dodging        | |  3.2

Action                     |  1- 3 |  4- 6 || total
---------------------------+-------+-------++-------
  Melee: Mace              |    82 |    45 ||   127
         Flail             |       |    29 ||    29
   Stab: Sleeping          |     1 |       ||     1
 Armour: Robe              |    42 |    18 ||    60
         Ring mail         |       |    16 ||    16
  Dodge: Dodged            |    76 |    57 ||   133
